Map: Acropolis LE

Players

cyan - Winner!

  • Race: Protoss Protoss
  • League: Master
  • Spawn Location: 5:00

GogojOey

  • Race: Zerg Zerg
  • Spawn Location: 11:00

Event: NationWars 2019

VOD

Have the link to the VOD?

Description

Time

  • Played on: Oct. 3, 2019, 11:29 a.m.
  • Length: 12:44
Show
View Real Time Build Order
Export as new Build Order

cyan Protoss - Winner!

Build Orders: 1 Gate Expand, Oracle Opening, Phoenix Opening, Archon Immortal 

Get SALT Encoding   

  12  0:00  Probe  
  13  0:13  Probe  
  14  0:18  Pylon  
  14  0:25  Probe (Chrono Boost)  
  15  0:37  Probe (Chrono Boost)  
  15  0:39  Gateway  
  16  0:45  Probe (Chrono Boost)  
  17  0:51  Probe  
  17  0:52  Assimilator  
  18  1:03  Probe  
  19  1:15  Probe  
  20  1:25  Nexus  
  20  1:35  Cybernetics Core  
  20  1:39  Probe  
  21  1:43  Assimilator  
  21  1:52  Probe  
  22  1:54  Pylon  
  22  2:04  Probe  
  23  2:09  Adept (Chrono Boost)  
  25  2:16  Stargate, Probe  
  26  2:26  Warp Gate  
  27  2:30  Probe (Chrono Boost)  
  27  2:33  Adept  
  29  2:38  Probe (Chrono Boost)  
  29  2:40  Pylon  
  31  2:47  Probe x2 (Chrono Boost)  
  32  2:53  Pylon  
  32  2:54  Probe x2  
  34  3:01  Phoenix (Chrono Boost)  
  36  3:06  Probe x2  
  38  3:13  Pylon  
  38  3:18  Probe, Gateway  
  39  3:20  Probe  
  39  3:26  Oracle (Chrono Boost)  
  38  3:30  Probe  
  38  3:32  Probe  
  43  3:35  Adept  
  43  3:41  Assimilator  
  45  3:42  Probe  
  45  3:43  Assimilator  
  45  3:44  Probe  
  47  3:54  Oracle (Chrono Boost)  
  47  3:55  Probe  
  51  3:56  Probe  
  51  3:59  Pylon  
  52  4:05  Pylon  
  52  4:07  Probe  
  52  4:08  Probe  
  54  4:12  Robotics Facility  
  54  4:19  Probe  
  54  4:20  Probe  
  54  4:23  Adept  
  58  4:25  Sentry  
  60  4:31  Probe  
  60  4:33  Probe  
  60  4:37  Pylon  
  62  4:41  Pylon  
  62  4:48  Nexus  
  61  4:54  Sentry  
  61  4:55  Sentry  
  61  4:56  Probe  
  66  5:01  Probe, Immortal (Chrono Boost)  
  71  5:08  Probe  
  71  5:12  Forge  
  71  5:13  Probe  
  73  5:15  Twilight Council  
  73  5:19  Shield Battery  
  73  5:20  Probe  
  74  5:25  Pylon  
  74  5:26  Probe  
  75  5:32  Probe  
  75  5:34  Protoss Ground Weapons Level 1 (Chrono Boost), Immortal  
  80  5:38  Pylon, Probe  
  81  5:44  Probe  
  81  5:47  Charge (Chrono Boost)  
  82  5:52  Probe (Chrono Boost)  
  82  5:56  Gateway  
  83  5:59  Gateway  
  83  6:00  Pylon  
  83  6:02  Probe (Chrono Boost)  
  86  6:04  Probe (Chrono Boost)  
  86  6:07  Probe (Chrono Boost)  
  86  6:15  Probe x2 (Chrono Boost)  
  86  6:16  Probe (Chrono Boost), Immortal  
  93  6:25  Gateway  
  93  6:26  Gateway  
  93  6:30  Templar Archives  
  93  6:33  Probe  
  93  6:35  Probe, Gateway  
  93  6:37  Assimilator  
  93  6:38  Pylon  
  93  6:39  Gateway  
  95  6:40  Probe  
  95  6:44  Assimilator  
  96  6:48  Robotics Facility  
  96  6:50  Pylon  
  96  6:53  Probe x2  
  98  6:56  Pylon  
  98  6:58  Immortal (Chrono Boost)  
  103  7:01  Probe  
  103  7:05  Probe  
  104  7:09  Gateway  
  104  7:11  Pylon  
  104  7:13  High Templar x2, Zealot x2  
  112  7:18  Archon  
  112  7:25  High Templar x2  
  112  7:29  Observer (Chrono Boost), Archon  
  116  7:35  Protoss Ground Weapons Level 2 (Chrono Boost)  
  117  7:39  Psionic Storm, Nexus  
  117  7:40  Pylon  
  116  7:45  Zealot  
  116  7:47  High Templar  
  116  7:48  Warp Prism (Chrono Boost)  
  122  7:53  Immortal (Chrono Boost)  
  122  7:57  Pylon  
  126  8:00  High Templar  
  126  8:04  Photon Cannon, Shield Battery  
  126  8:05  Photon Cannon  
  128  8:07  Photon Cannon x2  
  128  8:10  High Templar, Zealot x2  
  134  8:13  Zealot  
  134  8:18  Zealot  
  134  8:19  Zealot  
  138  8:25  Zealot  
  139  8:36  Phoenix (Chrono Boost)  
  139  8:46  High Templar x2, Zealot x5  
  139  8:47  Zealot  
  155  8:50  Archon  
  155  8:52  Phoenix  
  151  9:04  Immortal x2  
  153  9:10  Zealot x3  
  153  9:11  High Templar x2, Zealot  
  153  9:16  Archon  
  165  9:19  Zealot x2  
  169  9:25  Probe x2  
  169  9:26  Probe x2  
  173  9:35  High Templar, Archon, Zealot  
  173  9:36  Zealot x2  
  172  9:43  High Templar x2  
  146  10:06  Warp Prism  
  150  10:07  Immortal  
  150  10:08  High Templar  
  150  10:09  High Templar, Zealot x4  
  150  10:13  Probe  
  150  10:14  Probe  
  157  10:15  Assimilator  
  157  10:16  Phoenix  
  157  10:20  Assimilator  
  156  10:25  Stalker x2  
  158  10:30  Stalker  
  152  10:41  Phoenix  
  154  10:43  Archon  
  154  10:44  Archon  
  154  10:46  Zealot x3  
  154  10:47  Zealot x2  
  140  10:58  Probe  
  140  11:00  Stargate  
  141  11:06  Phoenix  
  141  11:07  Stalker x2  
  141  11:08  Stalker x4  
  141  11:09  Stalker  
  141  11:10  Stalker  
  153  11:22  Observer  
  154  11:31  Phoenix, Stalker x3  
  154  11:32  Stalker x3  
  152  11:34  Stalker  
  152  11:35  Stalker  
  150  11:47  Phoenix  
  134  11:55  Phoenix  
  134  11:58  Stalker x2  
  134  11:59  Stalker x5  
  128  12:12  Phoenix  
  122  12:16  Stalker  
  122  12:22  Nexus  
  120  12:25  Pylon  
Show
View Real Time Build Order
Export as new Build Order

GogojOey Zerg 

Build Orders: Hatch First 

Get SALT Encoding   

  12  0:00  Drone  
  13  0:12  Overlord  
  13  0:16  Drone  
  14  0:31  Drone x2  
  16  0:48  Hatchery  
  15  0:51  Drone  
  15  0:55  Drone  
  17  0:58  Drone  
  18  1:09  Extractor  
  17  1:15  Spawning Pool  
  17  1:18  Drone  
  17  1:21  Drone  
  18  1:28  Drone  
  19  1:39  Drone  
  20  1:49  Drone  
  21  2:01  Queen, Overlord  
  21  2:02  Queen  
  21  2:03  Drone  
  26  2:12  Drone x2  
  28  2:17  Metabolic Boost  
  28  2:21  Zergling x2  
  28  2:22  Zergling x2  
  30  2:34  Drone  
  30  2:35  Drone  
  32  2:45  Queen  
  32  2:48  Overlord  
  34  2:57  Extractor  
  32  3:00  Drone x2  
  35  3:06  Hatchery  
  35  3:09  Drone x3  
  35  3:11  Drone x3  
  39  3:24  Drone  
  39  3:26  Drone x2  
  40  3:33  Overlord  
  40  3:34  Queen  
  40  3:37  Drone  
  40  3:40  Drone  
  44  3:48  Overlord  
  44  3:52  Spore Crawler  
  44  3:53  Spore Crawler, Overlord  
  44  3:54  Drone  
  44  3:55  Drone  
  44  4:07  Zergling x4  
  44  4:08  Drone  
  44  4:09  Lair  
  47  4:13  Drone x2  
  47  4:14  Drone  
  50  4:19  Extractor  
  50  4:20  Extractor, Overlord  
  50  4:22  Drone x2  
  50  4:24  Drone x2  
  51  4:26  Drone x2  
  51  4:27  Drone  
  51  4:29  Drone  
  55  4:35  Spore Crawler  
  55  4:36  Drone x2  
  56  4:40  Roach Warren  
  56  4:41  Drone x2  
  56  4:43  Drone  
  57  4:48  Drone x2  
  57  4:50  Drone x2  
  56  5:00  Drone x2  
  56  5:01  Drone x3  
  56  5:03  Queen  
  63  5:09  Overlord  
  63  5:10  Zergling x4, Overlord  
  65  5:20  Overlord  
  65  5:27  Overlord  
  65  5:28  Roach x4  
  73  5:31  Glial Reconstitution  
  73  5:34  Zergling x2, Roach x3  
  80  5:39  Zergling x4, Roach x2  
  80  5:40  Drone x2  
  88  5:43  Drone  
  89  5:51  Extractor, Overlord  
  89  5:52  Overlord  
  89  5:53  Drone, Extractor  
  89  5:54  Drone  
  89  5:55  Extractor  
  88  5:57  Queen  
  88  6:01  Overlord  
  88  6:02  Overlord  
  90  6:11  Drone x2  
  90  6:13  Spore Crawler, Drone  
  90  6:14  Drone x2  
  90  6:16  Drone x2  
  90  6:18  Roach x2  
  97  6:22  Roach x4  
  104  6:28  Roach x2  
  108  6:35  Drone  
  108  6:37  Roach x2  
  113  6:40  Overlord  
  113  6:46  Hatchery  
  112  6:48  Spire  
  112  6:50  Drone x3  
  114  6:54  Overlord  
  114  6:55  Overlord  
  114  6:57  Overlord  
  114  6:59  Drone  
  114  7:00  Evolution Chamber  
  113  7:01  Drone  
  113  7:02  Drone  
  113  7:08  Drone x2  
  117  7:10  Drone  
  117  7:12  Zergling x6  
  121  7:17  Zergling x2  
  122  7:23  Zergling x8  
  122  7:27  Overlord x2  
  126  7:30  Zerg Melee Weapons Level 1  
  126  7:32  Drone x2  
  127  7:42  Roach x6  
  127  7:43  Ravager x2  
  141  7:44  Extractor  
  141  7:45  Roach, Extractor  
  141  7:55  Drone x3  
  141  7:56  Drone x2  
  141  7:58  Drone  
  146  8:00  Zergling x2  
  146  8:01  Mutalisk  
  146  8:02  Mutalisk x2  
  146  8:05  Zerg Flyer Weapons Level 1, Mutalisk  
  151  8:08  Roach x4  
  151  8:09  Ravager x7  
  151  8:10  Ravager  
  151  8:11  Zergling x2  
  167  8:17  Overlord x2  
  166  8:21  Overlord  
  166  8:26  Overlord  
  166  8:27  Zergling x2  
  166  8:29  Overlord  
  166  8:33  Roach, Baneling Nest  
  168  8:34  Overlord  
  168  8:36  Drone x3  
  168  8:38  Roach x4  
  168  8:41  Ravager  
  178  8:42  Zergling x4, Roach  
  180  8:49  Zergling x2  
  180  8:50  Zergling x8, Roach  
  180  8:53  Drone x2  
  180  8:55  Drone x2  
  189  9:02  Mutalisk x4  
  177  9:08  Mutalisk x2  
  177  9:09  Mutalisk  
  181  9:20  Mutalisk  
  181  9:21  Mutalisk x2  
  187  9:25  Mutalisk  
  182  9:33  Mutalisk x2  
  182  9:37  Mutalisk  
  181  9:45  Mutalisk x2  
  175  9:47  Zergling x24  
  174  9:54  Mutalisk x2  
  174  9:57  Zergling x18  
  175  10:03  Mutalisk x2  
  175  10:05  Zergling x4  
  181  10:12  Spore Crawler  
  181  10:13  Zerg Flyer Weapons Level 2  
  179  10:23  Zerg Melee Weapons Level 2  
  175  10:33  Hatchery  
  175  10:35  Mutalisk x3  
  173  10:38  Zergling x26  
  173  10:39  Zergling x2  
  172  10:53  Mutalisk x4  
  172  10:56  Zergling x14  
  168  11:01  Mutalisk x2  
  168  11:04  Zergling x8, Baneling x3  
  169  11:10  Mutalisk  
  175  11:12  Zergling x4  
  175  11:13  Baneling  
  177  11:19  Mutalisk  
  177  11:20  Zergling x2  
  177  11:21  Zergling x6  
  180  11:27  Mutalisk x2  
  136  11:33  Mutalisk x2  
  136  11:35  Zergling x18  
  143  11:40  Mutalisk  
  143  11:43  Hatchery  
  143  11:45  Mutalisk  
  139  11:47  Zergling x8  
  139  11:48  Zergling x2  
  114  11:57  Mutalisk x2  
  114  11:59  Zergling x6  
  114  12:00  Zergling x2  
  98  12:04  Mutalisk  
  98  12:06  Zergling x4  
  91  12:09  Mutalisk  
  70  12:19  Mutalisk  
  70  12:21  Zergling x4  
Tags
 
Add a new tag
Caveats
  • Supply blocks, unpowered buildings, or Contaminate may cause inaccurate times.
  • Supply counts are checked every 10 seconds.